 Dungeon Sprint DCSS version 0.23.2-30-g0e89c35 (webtiles) character file.

Game seed: 5049439096794568888

12715 Fang the Warrior (level 11, -30/124 HPs)
             Began as a Gargoyle Berserker on June 12, 2019.
             Was the Champion of Trog.
             Killed from afar by a quicksilver dragon (46 damage)
             ... with a bolt of dispelling energy
             ... in the Dungeon (Sprint V: "Ziggurat Sprint").
             The game lasted 00:03:06 (785 turns).

Fang the Warrior (Gargoyle Berserker)                Turns: 785, Time: 00:03:06

Health: -30/124    AC: 43    Str: 40    XL:     11   Next: 97%
Magic:  11/11      EV: 13    Int: 12    God:    Trog [******]
Gold:   0          SH:  4    Dex:  9    Spells: 10/10 levels left

rFire    + . .     SeeInvis .   k - +5 executioner's axe
rCold    + . .     Gourm    .   (shield currently unavailable)
rNeg     + + +     Faith    .   j - +5 gold dragon scales
rPois    ∞         Spirit   .   v - +2 helmet of the Fiend {rElec Regen+ Int+3}
rElec    +         Reflect  +   (no cloak)
rCorr    .         Harm     .   u - +2 pair of gloves {archery}
MR       .....     NoTele   +   J - +1 pair of boots {run}
Stlth    ..........             a - amulet "Geff" {Reflect Fragile rN++ Slay+5 SH+4}
HPRegen  0.70/turn              D - +6 ring of strength
MPRegen  0.12/turn              E - +6 ring of strength

@: berserking (expiring), studying Invocations, very quick
A: negative energy resistance 1, electricity resistance, unbreathing,
petrification resistance, rot immunity, AC +8
a: Berserk, Trog's Hand, Brothers in Arms, Renounce Religion


You were in the Dungeon.
You worshipped Trog.
Trog was exalted by your worship.
You were hungry.

You visited 1 branch

Inventory:

Hand Weapons
 k - a +5 executioner's axe (weapon)
 z - the +9 war axe of Brutal Revenge {chop, +Blink rC++ Int+6}
   (You found it in the Dungeon)

   It inflicts extra damage upon your enemies.
   It affects your intelligence (+6).
   It greatly protects you from cold.
   It lets you blink.
 B - a +1 executioner's axe of chopping
 G - a +1 antimagic broad axe
Armour
 j - +5 gold dragon scales (worn)
 q - the +9 plate armour "Murung Hopp" {rPois Int+2}
   (You found it in the Dungeon)

   It affects your intelligence (+2).
   It protects you from poison.
 u - a +2 pair of gloves of archery (worn)
 v - the +2 helmet of the Fiend (worn) {rElec Regen+ Int+3}
   (You found it in the Dungeon)

   It affects your intelligence (+3).
   It insulates you from electricity.
   It increases your rate of regeneration.
 J - a +1 pair of boots of running (worn)
Jewellery
 a - the amulet "Geff" (around neck) {Reflect Fragile rN++ Slay+5 SH+4}
   (You found it in the Dungeon)

   [amulet of reflection]

   It shields you and reflects attacks.
   It affects your accuracy and damage with ranged weapons and melee attacks
   (+5).
   It greatly protects you from negative energy.
   It will be destroyed if unequipped.
   It affects your SH (+4).
 g - a +4 amulet of reflection
 A - an uncursed ring of fire
 C - a +4 ring of protection
 D - a +6 ring of strength (left hand)
 E - a +6 ring of strength (right hand)
 F - an uncursed ring of protection from cold
 H - a +1 ring of protection
Wands
 b - a wand of random effects (21)
 w - a wand of disintegration (7)
 x - a wand of iceblast (7)
 y - a wand of acid (7)
Scrolls
 i - 4 scrolls of blinking
 l - 8 scrolls of fog
 m - a scroll of holy word
 n - 5 scrolls of identify
 o - 5 scrolls of remove curse
 p - 2 scrolls of fear
Potions
 d - 10 potions of curing
 e - 10 potions of heal wounds
 f - 6 potions of haste
 h - 3 potions of berserk rage
 r - 2 potions of invisibility
 s - 4 potions of resistance
 t - a potion of experience
Books
 I - a manual of Invocations
Comestibles
 c - 7 rations


   Skills:
 + Level 15.8 Fighting
 + Level 13.6 Axes
 + Level 15.7 Armour
 + Level 12.5 Dodging


You had 10 spell levels left.
You didn't know any spells.
Your spell library was empty.

Dungeon Overview and Level Annotations

Branches:
Dungeon (1/1)

Altars:
Ashenzari
Cheibriados
Dithmenos
Elyvilon
Fedhas
Gozag
Hepliaklqana
Kikubaaqudgha
Makhleb
Nemelex Xobeh
Okawaru
Qazlal
Ru
Sif Muna
Trog
Uskayaw
Vehumet
Wu Jian
Xom
Yredelemnul
Zin
The Shining One
Beogh
Jiyva
Lugonu

Annotations:
D 1 transporter


Innate Abilities, Weirdness & Mutations

You are resistant to torment.
Your stone body is resilient. (AC +8)
You are immune to poison.
You resist negative energy. (rN+)
You are resistant to electric shocks. (rElec)
You can survive without breathing.
You are immune to petrification.
You are immune to rotting.


Message History

* * * LOW HITPOINT WARNING * * *
You are too injured to fight recklessly!
You slash the quicksilver dragon!
The quicksilver dragon is almost dead.
You hit the iron dragon. You hit the gargoyle.
You slice the quicksilver dragon!!
You kill the quicksilver dragon!
Trog accepts your kill. Something appears at your feet!
Trog grants you a weapon!
The quicksilver dragon scales are intact enough to wear.
The quicksilver dragon bites you but does no damage.
The quicksilver dragon claws you but does no damage.
The gargoyle closely misses you.
The iron dragon bites you but does no damage.
The iron dragon claws you but does no damage.
The iron dragon tramples you but does no damage.
The quicksilver dragon breathes dispelling energy at you.
The bolt of dispelling energy hits you!!!
You die...

▓▓▓▓▓▓▓▓▓▓▓
▓...8©8...▓...8©8...▓
▓..:[:)}[.▓..)}.[...▓
▓..!|[|?..▓..)[))...▓
▓.........▓.........▓
▓...E.....▓.........▓
▓..E.E....▓.........▓
▓.89DDE...▓.........▓
▓..▓@9E▓..▓.....†...▓
▓.▓.....▓.▓.▓.....▓.▓
▓....©....▓....©....▓
▓▓▓▓▓▓▓▓▓▓▓▓▓▓▓▓▓▓▓▓▓


You could see an iron dragon, a quicksilver dragon, a crystal guardian, 5 earth
elementals and 2 gargoyles.

Vanquished Creatures
  A quicksilver dragon (D)
  A deep elf sorcerer (D)
  2 ghouls (D)
  3 dancing weapons (D)
  2 soul eaters (D)
  3 deep elf magi (D)
  A spiny frog (D)
  A jumping spider (D)
  2 slime creatures (D)
  A blink frog (D)
  Sigmund (D)
  A ynoxinul (D)
  A tarantella (D)
  A spriggan (shapeshifter) (D)
  A basilisk (D)
  A golden eye (D)
  A fire elemental (D)
  A naga (D)
  3 porcupines (D)
  A floating eye (D)
  2 ice beasts (D)
  A wolf (D)
  3 bullfrogs (D)
  Blork the orc (D)
  2 scorpions (D)
  A crimson imp (D)
  A quasit (D)
  2 jellies (D)
  Jessica (D)
  6 mummies (D)
  2 adders (D)
  2 river rats (D)
  2 shadow imps (D)
  2 oozes (D)
  An adder zombie (D)
  An adder skeleton (D)
  2 spectral bats (D)
  A ball python (D)
  A jackal (D)
  A leopard gecko skeleton (D)
  A quokka zombie (D)
65 creatures vanquished.

Notes
Turn   | Place    | Note
-------+----------+-------------------------------------------
     0 | D        | Found the +6 Majin-Bo {vamp, Archmagi MP+6 Int+6}
     0 | D        | Found the +7 great mace "Firestarter" {inner flame, rF++}
     0 | D        | Fang the Gargoyle Berserker began the quest for the Orb.
     0 | D        | Reached XP level 1. HP: 14/14 MP: 1/1
     3 | D        | Found a blossoming altar of Fedhas.
     4 | D        | Found a viscous altar of Jiyva.
     4 | D        | Found a hazy altar of Hepliaklqana.
     4 | D        | Found a transporter.
     4 | D        | Found an opulent altar of Gozag.
     4 | D        | Found an ancient bone altar of Kikubaaqudgha.
     4 | D        | Found a corrupted altar of Lugonu.
     8 | D        | Found a burning altar of Makhleb.
     9 | D        | Found a sacrificial altar of Ru.
     9 | D        | Found a stormy altar of Qazlal.
     9 | D        | Found a deep blue altar of Sif Muna.
     9 | D        | Found an iron altar of Okawaru.
     9 | D        | Found a bloodstained altar of Trog.
     9 | D        | Found a sparkling altar of Nemelex Xobeh.
    51 | D        | Entered arena 2.
    51 | D        | Noticed an ice beast
    51 | D        | Noticed an ice beast
    51 | D        | Found a transporter.
    55 | D        | Killed an ice beast
    55 | D        | Reached skill level 5 in Fighting
    55 | D        | Reached skill level 5 in Armour
    55 | D        | Reached XP level 2. HP: 22/22 MP: 2/2
    55 | D        | Reached XP level 3. HP: 27/27 MP: 3/3
    55 | D        | Reached XP level 4. HP: 32/32 MP: 4/4
    61 | D        | Killed an ice beast
    61 | D        | Reached skill level 5 in Axes
    61 | D        | Reached XP level 5. HP: 37/37 MP: 5/5
   116 | D        | Entered arena 3.
   116 | D        | Noticed Sigmund
   116 | D        | Noticed Jessica
   116 | D        | Noticed Blork the orc
   116 | D        | Found a transporter.
   122 | D        | Killed Jessica
   122 | D        | Reached ** piety under Trog
   122 | D        | Reached skill level 5 in Dodging
   123 | D        | Killed Blork the orc
   123 | D        | Reached XP level 6. HP: 44/44 MP: 6/6
   125 | D        | Killed Sigmund
   125 | D        | Reached *** piety under Trog
   184 | D        | Entered arena 4.
   184 | D        | Noticed a naga
   184 | D        | Found a transporter.
   190 | D        | Reached XP level 7. HP: 39/50 MP: 7/7
   197 | D        | Killed a naga
   197 | D        | Reached **** piety under Trog
   248 | D        | Entered arena 5.
   248 | D        | Noticed a jumping spider
   248 | D        | Noticed a tarantella
   248 | D        | Found a transporter.
   253 | D        | Killed a tarantella
   255 | D        | Killed a jumping spider
   255 | D        | Reached skill level 10 in Fighting
   255 | D        | Reached XP level 8. HP: 50/57 MP: 8/8
   264 | D        | Got the +9 plate armour "Murung Hopp" {rPois Int+2}
   292 | D        | Entered arena 6.
   292 | D        | Noticed a ynoxinul
   292 | D        | Found a transporter.
   297 | D        | Reached ***** piety under Trog
   299 | D        | Killed a ynoxinul
   299 | D        | Reached skill level 10 in Armour
   300 | D        | Received a gift from Trog
   307 | D        | Got the +2 helmet of the Fiend {rElec Regen+ Int+3}
   343 | D        | Entered arena 7.
   344 | D        | Found a transporter.
   349 | D        | Received a gift from Trog
   351 | D        | Received a gift from Trog
   355 | D        | Got the amulet "Geff" {Reflect Fragile rN++ Slay+5 SH+4}
   357 | D        | Got the +9 war axe of Brutal Revenge {chop, +Blink rC++
                  | Int+6}
   364 | D        | Entered arena 8.
   365 | D        | Found a transporter.
   373 | D        | Reached ****** piety under Trog
   373 | D        | Received a gift from Trog
   373 | D        | Reached XP level 9. HP: 64/64 MP: 9/9
   394 | D        | Entered arena 9.
   394 | D        | Noticed a spiny frog
   395 | D        | Found a transporter.
   401 | D        | Killed a spiny frog
   401 | D        | Reached skill level 10 in Axes
   471 | D        | Entered arena 10.
   472 | D        | Found a transporter.
   472 | D        | Paralysed by a floating eye for 3 turns
   476 | D        | Received a gift from Trog
   531 | D        | Entered arena 11.
   531 | D        | Noticed a deep elf mage
   531 | D        | Noticed a deep elf sorcerer
   531 | D        | Noticed a deep elf mage
   531 | D        | Noticed a +6 flail of crushing
   531 | D        | Noticed a +0 short sword of electrocution
   531 | D        | Noticed a deep elf mage
   531 | D        | Noticed a +1 scimitar of pain
   535 | D        | Killed a +1 scimitar of pain
   535 | D        | Reached skill level 10 in Dodging
   535 | D        | Reached XP level 10. HP: 72/72 MP: 4/10
   539 | D        | Killed a +6 flail of crushing
   540 | D        | Killed a +0 short sword of electrocution
   540 | D        | Received a gift from Trog
   541 | D        | Killed a deep elf sorcerer
   543 | D        | Killed a deep elf mage
   543 | D        | Reached XP level 11. HP: 80/80 MP: 5/11
   544 | D        | Killed a deep elf mage
   544 | D        | Received a gift from Trog
   547 | D        | Killed a deep elf mage
   548 | D        | Found a transporter.
   609 | D        | Entered arena 12.
   609 | D        | Noticed a soul eater
   609 | D        | Noticed a soul eater
   610 | D        | Noticed a ghoul
   610 | D        | Noticed a ghoul
   615 | D        | Received a gift from Trog
   617 | D        | Killed a soul eater
   626 | D        | Killed a soul eater
   628 | D        | Killed a ghoul
   628 | D        | Reached skill level 15 in Fighting
   628 | D        | Reached skill level 15 in Armour
   631 | D        | Killed a ghoul
   633 | D        | Found a transporter.
   648 | D        | Identified a +1 pair of boots of running (You found it in
                  | the Dungeon)
   775 | D        | Entered arena 13.
   775 | D        | Noticed a quicksilver dragon
   775 | D        | Noticed a quicksilver dragon
   775 | D        | Noticed an iron dragon
   775 | D        | Noticed a crystal guardian
   778 | D        | Found a transporter.
   785 | D        | Killed a quicksilver dragon
   785 | D        | Received a gift from Trog
   785 | D        | Killed from afar by a quicksilver dragon

Skill      XL: |  1  2  3  4  5  6  7  8  9 10 11 |
---------------+----------------------------------+-----
Fighting       | 5 6 7 8 10 11 12 14 15 | 15.8
Axes           | 4 5 6 7 8 9 11 12 13 | 13.6
Armour         | 5 6 7 8 9 10 12 14 15 | 15.7
Dodging        | 3 4 5 6 7 8 10 11 12 | 12.5

Action                   |  1- 3 |  4- 6 |  7- 9 | 10-12 || total
-------------------------+-------+-------+-------+-------++-------
Melee: Executioner's axe |     2 |    17 |    59 |    39 ||   117
Invok: Berserk           |     1 |     1 |     2 |     2 ||     6
  Eat: Chunk             |       |       |     2 |     3 ||     5
Armor: Gold dragon scale |     4 |    28 |    98 |    74 ||   204
Dodge: Dodged            |     2 |    11 |    53 |    50 ||   116
Block: Other             |       |     4 |    20 |    10 ||    34
